| TOP OF THE 1ST |
|
Washington Nationals batting - Pitching for Toronto Blue Jays : RHP Tony Rios
|
|
Pitching: RHP Tony Rios
|
|
|
Batting: SHB Andrew Wray II
|
0-0: Called Strike 0-1: Fly out, F7 (Line Drive, 7, EV 92.5 MPH)
|
|
Batting: RHB C.J. Beavers
|
0-0: Called Strike 0-1: Ball 1-1: Foul Ball, location: 2F 1-2: Fly out, F7 (Flyball, 7, EV 82.5 MPH)
|
|
Batting: LHB R.J. O'Brien
|
0-0: Fly out, F6 (Popup, 6MS, EV 73.1 MPH)
|
| Top of the 1st over - 0 runs, 0 hits, 0 errors, 0 left on base; Washington 0 - Toronto 0 |
| BOTTOM OF THE 1ST |
|
Toronto Blue Jays batting - Pitching for Washington Nationals : RHP Danny Diaz
|
|
Pitching: RHP Danny Diaz
|
|
|
Batting: LHB Jon Schick
|
0-0: Ball 1-0: Ball 2-0: Ball 3-0: Base on Balls
|
|
Batting: LHB Gabe White
|
0-0: Called Strike 0-1: Swinging Strike 0-2: Ball 1-2: Ball 2-2: SINGLE (Groundball, 6M, EV 93.8 MPH) (infield hit) Jon Schick to second
|
|
Batting: SHB Matt Altieri
|
0-0: Called Strike 0-1: SINGLE (Line Drive, 6MD, EV 96.9 MPH) Jon Schick to third Gabe White to second
|
|
Batting: RHB Ruben Velasco
|
0-0: Foul Ball, location: 2F 0-1: Ball 1-1: Foul Ball, location: 2F 1-2: Foul Ball, location: 2F 1-2: Fly out, F5 (Line Drive, 5, EV 71.9 MPH)
|
|
Batting: RHB Kirk Arp
|
0-0: Ball 1-0: Fly out, F4 (Popup, 34, EV 60.0 MPH)
|
|
Batting: RHB Shigem Kubo
|
0-0: Ball 1-0: Ball 2-0: Ball 3-0: Called Strike 3-1: Base on Balls Jon Schick scores Gabe White to third Matt Altieri to second
|
|
Batting: RHB Tommy Mize
|
0-0: Swinging Strike 0-1: Fielders Choice at 2nd, 5-4 (Groundball, 56, EV 91.9 MPH)
|
| Bottom of the 1st over - 1 run, 2 hits, 0 errors, 3 left on base; Washington 0 - Toronto 1 |
| TOP OF THE 2ND |
|
Washington Nationals batting - Pitching for Toronto Blue Jays : RHP Tony Rios
|
|
Batting: LHB Armando Carbajal
|
0-0: Called Strike 0-1: Foul Ball, location: 2F 0-2: Strikes out swinging
|
|
Batting: LHB Yasahiko Teshima
|
0-0: Called Strike 0-1: Foul Ball, location: 2F 0-2: Ball 1-2: Foul Ball, location: 2F 1-2: Foul Ball, location: 2F 1-2: Foul Ball, location: 2F 1-2: Foul Ball, location: 2F 1-2: Ball 2-2: Ball 3-2: Foul Ball, location: 2F 3-2: Ground out 4-3 (Groundball, 4, EV 108.1 MPH)
|
|
Batting: RHB Luis Torres
|
0-0: Fly out, F8 (Flyball, 8RS, EV 83.8 MPH)
|
| Top of the 2nd over - 0 runs, 0 hits, 0 errors, 0 left on base; Washington 0 - Toronto 1 |
| BOTTOM OF THE 2ND |
|
Toronto Blue Jays batting - Pitching for Washington Nationals : RHP Danny Diaz
|
|
Batting: SHB Dylan Novakowski
|
0-0: Called Strike 0-1: Foul Ball, location: 2F 0-2: Strikes out swinging
|
|
Batting: RHB Jerry Jauregui
|
0-0: Ball 1-0: Called Strike 1-1: Foul Ball, location: 2F 1-2: Strikes out looking
|
|
Batting: LHB Jon Schick
|
0-0: Swinging Strike 0-1: Swinging Strike 0-2: Strikes out swinging
|
| Bottom of the 2nd over - 0 runs, 0 hits, 0 errors, 0 left on base; Washington 0 - Toronto 1 |
| TOP OF THE 3RD |
|
Washington Nationals batting - Pitching for Toronto Blue Jays : RHP Tony Rios
|
|
Batting: RHB Mike Blair
|
0-0: Ball 1-0: Ball 2-0: Called Strike 2-1: Ball 3-1: Foul Ball, location: 2F 3-2: Foul Ball, location: 2F 3-2: Foul Ball, location: 2F 3-2: Base on Balls
|
|
Batting: RHB Dan Fallon
|
0-0: Ball 1-0: Swinging Strike 1-1: Ball 2-1: Swinging Strike 2-2: Strikes out swinging
|
|
Batting: RHB Masashi Yukizawa
|
0-0: Ball 1-0: Reached on error, E5 (Groundball, 56S, EV 84.4 MPH) Mike Blair to second
|
|
Batting: SHB Andrew Wray II
|
0-0: Foul Ball, location: 2F 0-1: Called Strike 0-2: TRIPLE (Flyball, 8RXD, EV 110.0 MPH) Mike Blair scores Masashi Yukizawa scores
|
|
Batting: RHB C.J. Beavers
|
0-0: Ball 1-0: Foul Ball, location: 2F 1-1: Called Strike 1-2: Foul Ball, location: 2F 1-2: Ball 2-2: Strikes out swinging
|
|
Batting: LHB R.J. O'Brien
|
0-0: Ball 1-0: Ball 2-0: Ball 3-0: Called Strike 3-1: Fly out, F5 (Line Drive, 5, EV 68.8 MPH)
|
| Top of the 3rd over - 2 runs, 1 hit, 1 error, 1 left on base; Washington 2 - Toronto 1 |
| BOTTOM OF THE 3RD |
|
Toronto Blue Jays batting - Pitching for Washington Nationals : RHP Danny Diaz
|
|
Batting: LHB Gabe White
|
0-0: Foul Ball, location: 2F 0-1: Ball 1-1: Called Strike 1-2: Ball 2-2: Ball 3-2: Fly out, F6 (Popup, 6MS, EV 75.6 MPH)
|
|
Batting: SHB Matt Altieri
|
0-0: Called Strike 0-1: Ball 1-1: Ball 2-1: Called Strike 2-2: Ball 3-2: Foul Ball, location: 2F 3-2: Foul Ball, location: 2F 3-2: Base on Balls
|
|
Batting: RHB Ruben Velasco
|
0-0: Foul Ball, location: 2F 0-1: Ball 1-1: Ball 2-1: Foul Ball, location: 2F 2-2: Strikes out looking
|
|
Batting: RHB Kirk Arp
|
0-0: Ball 1-0: SINGLE (Groundball, 56S, EV 68.1 MPH) (infield hit) Matt Altieri to second
|
|
Batting: RHB Shigem Kubo
|
0-0: Ball 1-0: Ball 2-0: Ball 3-0: Base on Balls Matt Altieri to third Kirk Arp to second
|
|
Batting: RHB Tommy Mize
|
0-0: Ball 1-0: Fly out, F7 (Flyball, 7LD, EV 94.4 MPH)
|
| Bottom of the 3rd over - 0 runs, 1 hit, 0 errors, 3 left on base; Washington 2 - Toronto 1 |
| TOP OF THE 4TH |
|
Washington Nationals batting - Pitching for Toronto Blue Jays : RHP Tony Rios
|
|
Batting: LHB Armando Carbajal
|
0-0: Foul Ball, location: 2F 0-1: Ball 1-1: Ball 2-1: SINGLE (Groundball, 34D, EV 102.5 MPH)
|
|
Batting: LHB Yasahiko Teshima
|
0-0: Ball 1-0: Called Strike 1-1: Swinging Strike 1-2: Foul Ball, location: 2F 1-2: Foul Ball, location: 2F 1-2: Foul Ball, location: 2F 1-2: Foul Ball, location: 2F 1-2: Strikes out swinging
|
|
Batting: RHB Luis Torres
|
0-0: Foul Ball, location: 2F 0-1: Fly out, F9 (Flyball, 9, EV 75.6 MPH)
|
|
Batting: RHB Mike Blair
|
0-0: Ball 1-0: Ball 2-0: Fielders Choice at 2nd, 6-4 (Groundball, 6, EV 82.5 MPH)
|
| Top of the 4th over - 0 runs, 1 hit, 0 errors, 1 left on base; Washington 2 - Toronto 1 |
| BOTTOM OF THE 4TH |
|
Toronto Blue Jays batting - Pitching for Washington Nationals : RHP Danny Diaz
|
|
Batting: SHB Dylan Novakowski
|
0-0: Ball 1-0: Called Strike 1-1: SINGLE (Groundball, 34D, EV 101.2 MPH)
|
|
Batting: RHB Jerry Jauregui
|
0-0: Ball 1-0: Called Strike 1-1: Ball 2-1: Ball 3-1: Called Strike 3-2: Strikes out looking Dylan Novakowski steals 2nd base Batter strikes out.
|
|
Batting: LHB Jon Schick
|
0-0: Called Strike 0-1: Ground out 4-3 (Groundball, 4, EV 86.2 MPH) Dylan Novakowski to third
|
|
Batting: LHB Gabe White
|
0-0: Ball 1-0: Called Strike 1-1: Ball 2-1: 2-RUN HOME RUN (Flyball, 9LD, EV 95.0 MPH), Distance : 356 ft
|
|
Batting: SHB Matt Altieri
|
0-0: Called Strike 0-1: Fly out, F7 (Flyball, 7, EV 82.5 MPH)
|
| Bottom of the 4th over - 2 runs, 2 hits, 0 errors, 0 left on base; Washington 2 - Toronto 3 |
| TOP OF THE 5TH |
|
Washington Nationals batting - Pitching for Toronto Blue Jays : RHP Tony Rios
|
|
Batting: RHB Dan Fallon
|
0-0: Ball 1-0: Fly out, F8 (Flyball, 8LXD, EV 100.6 MPH)
|
|
Batting: RHB Masashi Yukizawa
|
0-0: Called Strike 0-1: Foul Ball, location: 2F 0-2: Ball 1-2: Foul Ball, location: 2F 1-2: Ball 2-2: Strikes out swinging
|
|
Batting: SHB Andrew Wray II
|
0-0: Called Strike 0-1: Ball 1-1: Ball 2-1: Called Strike 2-2: Foul Ball, location: 2F 2-2: Foul Ball, location: 2F 2-2: Ball 3-2: Fly out, F9 (Flyball, 9S, EV 77.5 MPH)
|
| Top of the 5th over - 0 runs, 0 hits, 0 errors, 0 left on base; Washington 2 - Toronto 3 |
| BOTTOM OF THE 5TH |
|
Toronto Blue Jays batting - Pitching for Washington Nationals : RHP Danny Diaz
|
|
Batting: RHB Ruben Velasco
|
0-0: Swinging Strike 0-1: Ball 1-1: Ball 2-1: Ball 3-1: Base on Balls
|
|
Batting: RHB Kirk Arp
|
0-0: Ball 1-0: Called Strike 1-1: Swinging Strike 1-2: Strikes out swinging
|
|
Batting: RHB Shigem Kubo
|
0-0: Ball 1-0: Ball 2-0: Ball 3-0: Called Strike 3-1: SINGLE (Flyball, 78S, EV 96.9 MPH) Ruben Velasco to second
|
|
Batting: RHB Tommy Mize
|
0-0: Ball 1-0: SINGLE (Flyball, 78S, EV 90.0 MPH) Ruben Velasco to third Shigem Kubo to second
|
|
Pitching: RHP Chitoji Takemoto
|
|
|
Batting: SHB Dylan Novakowski
|
0-0: Ball 1-0: Called Strike 1-1: Ball 2-1: Ball 3-1: Foul Ball, location: 2F 3-2: Strikes out swinging
|
|
Batting: RHB Jerry Jauregui
|
0-0: Ball 1-0: Swinging Strike 1-1: Ball 2-1: SINGLE (Flyball, 8RS, EV 86.9 MPH) Ruben Velasco scores Shigem Kubo to third Tommy Mize to second Runner from 3rd tries for Home, SAFE, throw by CF to home
|
|
Batting: LHB Jon Schick
|
0-0: Called Strike 0-1: Ball 1-1: Swinging Strike 1-2: Hit by Pitch Tommy Mize to third Jerry Jauregui to second
|
|
Batting: LHB Gabe White
|
0-0: Ball 1-0: Ball 2-0: Fly out, F9 (Line Drive, 9, EV 95.0 MPH)
|
| Bottom of the 5th over - 2 runs, 3 hits, 0 errors, 3 left on base; Washington 2 - Toronto 5 |
| TOP OF THE 6TH |
|
Washington Nationals batting - Pitching for Toronto Blue Jays : RHP Tony Rios
|
|
Batting: RHB C.J. Beavers
|
0-0: Foul Ball, location: 2F 0-1: Foul Ball, location: 2F 0-2: SINGLE (Groundball, 56S, EV 66.9 MPH) (infield hit)
|
|
Batting: LHB R.J. O'Brien
|
0-0: Called Strike 0-1: Ball 1-1: Ball 2-1: Foul Ball, location: 2F 2-2: Ball 3-2: 2-RUN HOME RUN (Flyball, 7LD, EV 99.4 MPH), Distance : 356 ft
|
|
Batting: LHB Armando Carbajal
|
0-0: Called Strike 0-1: Ball 1-1: Swinging Strike 1-2: Ball 2-2: Ball 3-2: Fly out, F9 (Flyball, 9S, EV 77.5 MPH)
|
|
Batting: LHB Yasahiko Teshima
|
0-0: Called Strike 0-1: Swinging Strike 0-2: Ball 1-2: Ball 2-2: Strikes out looking
|
|
Batting: RHB Luis Torres
|
0-0: Ball 1-0: Called Strike 1-1: Fly out, F8 (Flyball, 8RM, EV 88.1 MPH)
|
| Top of the 6th over - 2 runs, 2 hits, 0 errors, 0 left on base; Washington 4 - Toronto 5 |
| BOTTOM OF THE 6TH |
|
Toronto Blue Jays batting - Pitching for Washington Nationals : RHP Chitoji Takemoto
|
|
Batting: SHB Matt Altieri
|
0-0: Hit by Pitch
|
|
Batting: RHB Ruben Velasco
|
0-0: Foul Ball, location: 2F 0-1: Called Strike 0-2: Ball 1-2: Ball 2-2: Ball 3-2: Base on Balls Matt Altieri to second
|
|
Batting: RHB Kirk Arp
|
0-0: Called Strike 0-1: Foul Ball, location: 2F 0-2: Strikes out swinging
|
|
Batting: RHB Shigem Kubo
|
0-0: Ground out 6-3 (Groundball, 6MS, EV 83.8 MPH) Matt Altieri to third Ruben Velasco to second
|
|
Batting: RHB Tommy Mize
|
0-0: Foul Ball, location: 2F 0-1: Foul Ball, location: 2F 0-2: Ball 1-2: Hit by Pitch
|
|
Batting: SHB Dylan Novakowski
|
0-0: Called Strike 0-1: Foul Ball, location: 2F 0-2: Strikes out swinging
|
| Bottom of the 6th over - 0 runs, 0 hits, 0 errors, 3 left on base; Washington 4 - Toronto 5 |
| TOP OF THE 7TH |
|
Washington Nationals batting - Pitching for Toronto Blue Jays : RHP Tony Rios
|
|
Batting: RHB Mike Blair
|
0-0: Called Strike 0-1: Called Strike 0-2: Foul Ball, location: 2F 0-2: Ground out 5-3 (Groundball, 56S, EV 63.1 MPH)
|
|
Batting: RHB Dan Fallon
|
0-0: SOLO HOME RUN (Flyball, 9D, EV 93.1 MPH), Distance : 358 ft
|
|
Pitching: RHP Douglas ten Pas
|
|
|
Batting: RHB Masashi Yukizawa
|
0-0: Ground out 6-3 (Groundball, 56, EV 106.2 MPH)
|
|
Batting: SHB Andrew Wray II
|
0-0: Ball 1-0: Foul Ball, location: 2F 1-1: Ball 2-1: Ball 3-1: Called Strike 3-2: Foul Ball, location: 2F 3-2: Foul Ball, location: 2F 3-2: SINGLE (Line Drive, 78S, EV 100.0 MPH)
|
|
Batting: RHB C.J. Beavers
|
0-0: Called Strike Andrew Wray II steals 2nd base (no throw) 0-1: 2-RUN HOME RUN (Line Drive, 7LD, EV 98.8 MPH), Distance : 355 ft
|
|
Batting: LHB R.J. O'Brien
|
0-0: Foul Ball, location: 2F 0-1: Swinging Strike 0-2: Ball 1-2: Foul Ball, location: 2F 1-2: Ball 2-2: Ball 3-2: Base on Balls
|
|
Batting: LHB Armando Carbajal
|
0-0: Ball 1-0: Ball 2-0: Swinging Strike 2-1: Fly out, F8 (Flyball, 8LD, EV 99.4 MPH)
|
| Top of the 7th over - 3 runs, 3 hits, 0 errors, 1 left on base; Washington 7 - Toronto 5 |
| BOTTOM OF THE 7TH |
|
Toronto Blue Jays batting - Pitching for Washington Nationals : RHP Chitoji Takemoto
|
|
Pitching: RHP Manuel Romero
|
|
|
Batting: RHB Jerry Jauregui
|
0-0: Ball 1-0: Foul Ball, location: 2F 1-1: Called Strike 1-2: Strikes out swinging
|
|
Batting: LHB Jon Schick
|
0-0: SINGLE (Groundball, P, EV 81.2 MPH) (infield hit)
|
|
Batting: LHB Gabe White
|
0-0: Foul Ball, location: 2F 0-1: Swinging Strike 0-2: Ball 1-2: Fly out, F8 (Flyball, 8LXD, EV 93.1 MPH)
|
|
Batting: SHB Matt Altieri
|
0-0: Ball 1-0: Called Strike 1-1: Called Strike 1-2: Foul Ball, location: 2F 1-2: Foul Ball, location: 2F 1-2: Strikes out looking
|
| Bottom of the 7th over - 0 runs, 1 hit, 0 errors, 1 left on base; Washington 7 - Toronto 5 |
| TOP OF THE 8TH |
|
Washington Nationals batting - Pitching for Toronto Blue Jays : RHP Douglas ten Pas
|
|
Batting: LHB Yasahiko Teshima
|
0-0: Foul Ball, location: 2F 0-1: Ball 1-1: Foul Ball, location: 2F 1-2: Foul Ball, location: 2F 1-2: Foul Ball, location: 2F 1-2: SOLO HOME RUN (Line Drive, 9D, EV 95.6 MPH), Distance : 369 ft
|
|
Pitching: RHP Mike Pedigo
|
|
|
Batting: RHB Luis Torres
|
0-0: Called Strike 0-1: Called Strike 0-2: Fly out, F9 (Flyball, 9, EV 91.9 MPH)
|
|
Batting: RHB Mike Blair
|
0-0: Ground out U3 (Groundball, 3L, EV 90.0 MPH)
|
|
Batting: RHB Dan Fallon
|
0-0: Ground out 6-3 (Groundball, 6, EV 88.8 MPH)
|
| Top of the 8th over - 1 run, 1 hit, 0 errors, 0 left on base; Washington 8 - Toronto 5 |
| BOTTOM OF THE 8TH |
|
Toronto Blue Jays batting - Pitching for Washington Nationals : RHP Manuel Romero
|
|
Pitching: LHP Chris Baran
|
|
|
Now at 2B: John Sanders
|
|
|
Now at 3B: Masashi Yukizawa
|
|
|
Batting: RHB Ruben Velasco
|
0-0: Ball 1-0: Foul Ball, location: 2F 1-1: Swinging Strike 1-2: Ball 2-2: Ball 3-2: Ground out U3 (Groundball, 34, EV 88.1 MPH)
|
|
Batting: RHB Kirk Arp
|
0-0: Called Strike 0-1: Foul Ball, location: 2F 0-2: Strikes out swinging
|
|
Batting: RHB Shigem Kubo
|
0-0: Called Strike 0-1: Ball 1-1: Foul Ball, location: 2F 1-2: Ball 2-2: Ground out 5-3 (Groundball, 56, EV 101.9 MPH)
|
| Bottom of the 8th over - 0 runs, 0 hits, 0 errors, 0 left on base; Washington 8 - Toronto 5 |
| TOP OF THE 9TH |
|
Washington Nationals batting - Pitching for Toronto Blue Jays : RHP Mike Pedigo
|
|
Batting: RHB Masashi Yukizawa
|
0-0: Ball 1-0: SINGLE (Groundball, 6MS, EV 68.1 MPH) (infield hit)
|
|
Batting: SHB Andrew Wray II
|
0-0: Bunted foul 0-1: Bunt missed! 0-2: Ball 1-2: Ground out 5-3 (Groundball, 56, EV 86.9 MPH) Masashi Yukizawa to second
|
|
Batting: RHB C.J. Beavers
|
0-0: Ball 1-0: Called Strike 1-1: DOUBLE (Flyball, 8RXD, EV 111.9 MPH) Masashi Yukizawa scores
|
|
Batting: LHB R.J. O'Brien
|
0-0: SINGLE (Groundball, 56S, EV 68.8 MPH) (infield hit) C.J. Beavers to third
|
|
Batting: RHB John Sanders
|
0-0: Ball 1-0: Fly out, F9 (Flyball, 9LM, EV 90.0 MPH) Runner from 3rd tags up, SCORES, throw by RF
|
|
Batting: LHB Yasahiko Teshima
|
0-0: Swinging Strike 0-1: Ball 1-1: Foul Ball, location: 2F 1-2: Foul Ball, location: 2F 1-2: Fly out, F3 (Popup, 23F, EV 83.8 MPH)
|
| Top of the 9th over - 2 runs, 3 hits, 0 errors, 1 left on base; Washington 10 - Toronto 5 |
| BOTTOM OF THE 9TH |
|
Toronto Blue Jays batting - Pitching for Washington Nationals : LHP Chris Baran
|
|
Batting: RHB Tommy Mize
|
0-0: Foul Ball, location: 2F 0-1: Ball 1-1: Ball 2-1: SINGLE (Line Drive, 9S, EV 98.1 MPH)
|
|
Batting: SHB Dylan Novakowski
|
0-0: Ball 1-0: Swinging Strike 1-1: SINGLE (Groundball, 6S, EV 71.9 MPH) (infield hit) Tommy Mize to second
|
|
Batting: RHB Jerry Jauregui
|
0-0: Ball 1-0: Ball 2-0: Foul Ball, location: 2F 2-1: Foul Ball, location: 2F 2-2: Ball 3-2: Base on Balls Tommy Mize to third Dylan Novakowski to second
|
|
Pinch Hitting: RHB Cole Zelinski
|
0-0: Hit by Pitch Tommy Mize scores Dylan Novakowski to third Jerry Jauregui to second
|
|
Pitching: LHP Keith Pratt
|
|
|
Pinch Hitting: RHB Adam Burke
|
0-0: Called Strike 0-1: Foul Ball, location: 2F 0-2: Ball 1-2: DOUBLE (Line Drive, 9LM, EV 101.9 MPH) Dylan Novakowski scores Jerry Jauregui scores Cole Zelinski to third
|
|
Batting: SHB Matt Altieri
|
0-0: Called Strike 0-1: Ball 1-1: Ball 2-1: Swinging Strike 2-2: Fly out, F3 (Flyball, 3D, EV 82.5 MPH)
|
|
Batting: RHB Ruben Velasco
|
0-0: Ball 1-0: Ball 2-0: Foul Ball, location: 2F 2-1: Called Strike 2-2: Ball 3-2: Base on Balls
|
|
Batting: RHB Kirk Arp
|
0-0: Foul Ball, location: 2F 0-1: Ball 1-1: Swinging Strike 1-2: Foul Ball, location: 2F 1-2: Strikes out swinging
|
|
Batting: RHB Shigem Kubo
|
0-0: Ball 1-0: Called Strike 1-1: Ball 2-1: Fly out, F9 (Flyball, 89M, EV 83.1 MPH)
|
| Bottom of the 9th over - 3 runs, 3 hits, 0 errors, 3 left on base; Washington 10 - Toronto 8 |
|